 Dungeon Crawl Stone Soup version 0.30-a0-339-g89bb51ec76 (webtiles) character file.

Game seed: 11473171285275330685

749 Lobster4 the Digger (level 8, -6/58 HPs)
             Began as a Human Wanderer on Oct 31, 2022.
             Was an Initiate of Fedhas.
             Killed by divine providence
             ... invoked by an orc priest
              (11 damage)
             ... on level 4 of the Dungeon.
             The game lasted 00:20:24 (4881 turns).

Lobster4 the Digger (Human Wanderer)                Turns: 4881, Time: 00:20:25

Health: -6/58      AC: 13    Str: 15    XL:     8   Next: 6%
Magic:  2/12       EV: 11    Int: 17    God:    Fedhas [......]
Gold:   314        SH:  0    Dex:  8    Spells: 8/13 levels left

rFire   . . .      SeeInvis .    a - +1 short sword (protect)
rCold   + . .      Faith    .    f - orb {light}
rNeg    . . .      Spirit   .    E - +2 robe {Will+}
rPois   .          Reflect  .    (helmet currently unavailable)
rElec   .          Harm     .    G - +0 cloak
rCorr   .          Rampage  .    t - +0 pair of gloves
Will    +....                    (boots currently unavailable)
Stlth   +.........               (no amulet)
HPRegen 0.29/turn                w - ring of protection from cold
MPRegen 0.13/turn                (no ring)

@: appendages (expiring), under a protective aura, glowing
A: horns 2, talons 2
a: End Transformation, Renounce Religion


You were on level 4 of the Dungeon.
You worshipped Fedhas.
Fedhas was noncommittal.
You had temporarily grown beastly horns and talons.
You visited 1 branch of the dungeon, and saw 5 of its levels.

You collected 314 gold pieces.

Inventory:

Hand Weapons
 a - a +1 short sword of protection (weapon)
 b - a +0 sling
 g - a +0 dagger
 r - a +0 hand axe
 A - a +0 whip
Missiles
 i - 3 silver javelins
 y - 18 poisoned darts (quivered)
Armour
 f - an orb of light (worn)
 k - a +0 leather armour
 t - a +0 pair of gloves (worn)
 u - a +2 helmet (melded)
 B - a +0 ring mail
 E - a +2 robe of willpower (worn)
 G - a +0 cloak (worn)
 I - a +0 buckler
Jewellery
 w - a ring of protection from cold (left hand)
Wands
 C - a wand of iceblast (3)
 J - a wand of light (6)
Scrolls
 d - a scroll of poison {unknown}
 e - a scroll of silence {unknown}
 j - a scroll of magic mapping {unknown}
 m - a scroll of fear {unknown}
 o - 3 scrolls of vulnerability {unknown}
 v - a scroll of noise {unknown}
 x - 3 scrolls of teleportation {unknown}
 D - a scroll of enchant armour {unknown}
 F - a scroll of fog {unknown}
 H - a scroll of identify
Potions
 c - 2 potions of attraction
 h - 2 potions of cancellation
 l - 2 potions of flight
 n - 3 potions of ambrosia
 p - a potion of lignification
 q - 2 potions of curing
 s - a potion of haste
 z - 2 potions of berserk rage


   Skills:
 + Level 3.1 Fighting
 - Level 0.4 Short Blades
 - Level 1.0 Maces & Flails
 - Level 1.0 Ranged Weapons
 - Level 3.0 Throwing
 + Level 3.1 Armour
 - Level 1.0 Dodging
 + Level 3.1 Spellcasting
 - Level 3.0 Transmutations
 + Level 3.9 Earth Magic
 - Level 3.0 Poison Magic
 + Level 1.7 Invocations
 + Level 1.2 Evocations


You had 8 spell levels left.
You knew the following spells:

 Your Spells              Type           Power      Damage    Failure   Level
a - Sandblast             Erth           30%        2d9       3%          1
b - Sting                 Tmut/Pois      48%        1d5       4%          1
c - Passwall              Tmut/Erth      11%        N/A       6%          2
d - Beastly Appendage     Tmut           24%        N/A       4%          1

Your spell library contained the following spells:

 Spells                   Type           Power      Damage    Failure   Level
 Wereblood                Tmut           12%        N/A       8%          2
 Spider Form              Tmut/Pois      12%        N/A       16%         3
 Cigotuvi's Dreadful Rot  Necr/Pois/Air  12%        N/A       17%         2
 Ignite Poison            Fire/Tmut/Pois 9%         N/A       22%         3
 Stone Arrow              Conj/Erth      18%        3d8       24%         3
 Ensorcelled Hibernation  Hex/Ice        4%         N/A       26%         2
 Static Discharge         Conj/Air       4%         2-3/arc   26%         2
 Swiftness                Air            2%         N/A       45%         3
 Vhi's Electric Charge    Tloc/Air       4%         N/A       45%         3
 Arcjolt                  Conj/Air       1%         1d11      99%         5
 Lightning Bolt           Conj/Air       1%         1d12      99%         5


Dungeon Overview and Level Annotations

Branches:
Dungeon (5/15)
 Temple: D:4-7

Altars:
Fedhas
Okawaru
Wu Jian

Shops:
D:4 :


Innate Abilities, Weirdness & Mutations

You have temporarily grown beastly horns and talons.


Message History

The orc priest completely misses you.
You feel better.
The orc priest hits you but does no damage.
You hit the orc priest but do no damage.
The orc priest is lightly wounded.
You hit the orc priest but do no damage.
The orc priest is lightly wounded.
The orc priest closely misses you.
Casting: Sandblast (safe; 3% risk of failure)
Confirm with . or Enter, or press ? or * to list all spells.
You grow a pair of large bovine horns.
Your feet morph into talons.
Your +2 helmet melds into your body.
The orc priest hits you but does no damage.
Unknown command.
You hit the orc priest but do no damage.
You headbutt the orc priest, but do no damage.
The orc priest is lightly wounded.
The orc priest mumbles some strange prayers to Beogh against you.
Beogh smites you!
* * * LOW HITPOINT WARNING * * *
Casting: Beastly Appendage (safe; 4% risk of failure)
Confirm with . or Enter, or press ? or * to list all spells.
Aiming: Sandblast (safe; 3% risk of failure)
Press: ? - help, Shift-Dir - straight line, f - orc priest
Aim: an orc priest, wielding a +0 whip and wearing a +0 ring mail (lightly wounded, haloed, 88% to hit)
The blast of sand hits the orc priest.
The orc priest is moderately wounded.
Your transformation is almost over.
The orc priest hits you but does no damage. x2
Casting: Sandblast (safe; 3% risk of failure)
Confirm with . or Enter, or press ? or * to list all spells.
Aiming: Sandblast (safe; 3% risk of failure)
Press: ? - help, Shift-Dir - straight line, f/p - orc priest
Aim: an orc priest, wielding a +0 whip and wearing a +0 ring mail (moderately wounded, haloed, 88% to hit)
The blast of sand hits the orc priest but does no damage.
The orc priest is moderately wounded.
The orc priest mumbles some strange prayers to Beogh against you.
Beogh smites you!
You die...
Fedhas appreciates your contribution to the ecosystem.

..........'...........#.#
..........###.#.......#.#
..........###.#.......#.#
...#####..............#.######
...# #.####.##.######......#
###### #.# #.##.# ######.#
...<.# #.# #.##.# #.# ...#.#
#.# #.##.# #.# #.##.# #.#
#..o@# #.#### #.##.# #.#
###### #..... #.##.# #.#
###### #.##.# #.# # ..##.# #.#
# ####.# #.# # #.###.# #.....#
#######


You could see an orc priest.

Vanquished Creatures
  An ice beast (D:5)
  2 ogres (D:4)
  A centaur (D:5)
  A necrophage (D:5)
  Crazy Yiuf (D:4)
  An iguana (D:3)
  4 orc wizards
  Robin (D:2)
  5 adders
  A shadow imp (D:4)
  A white imp (D:5)
  An ufetubus (D:4)
  2 worms
  6 dart slugs
  6 orcs
  6 ball pythons
  9 endoplasms
  4 giant cockroaches
  14 goblins
  13 hobgoblins
  3 jackals (D:2)
  8 kobolds
  4 quokkas
  6 bats
  4 frilled lizards
  6 rats
  A spectral hobgoblin (D:1)
112 creatures vanquished.

Vanquished Creatures (others)
  3 fungi (D:4)
  10 plants (D:1)
13 creatures vanquished.

Grand Total: 125 creatures vanquished

Notes
Turn   | Place    | Note
-------+----------+-------------------------------------------
     0 | D:1      | Lobster4 the Human Wanderer began the quest for the Orb.
     0 | D:1      | Lobster4 set off with the following items: a +0 dagger, 12
                  | poisoned darts, a potion of attraction, a +0 robe; and the
                  | following spells available to memorise: Sandblast, Sting,
                  | Cigotuvi's Dreadful Rot, Ignite Poison, Stone Arrow.
     0 | D:1      | Reached XP level 1. HP: 13/13 MP: 2/2
     2 | D:1      | Learned a level 1 spell: Sandblast
   175 | D:1      | Reached XP level 2. HP: 17/20 MP: 3/3
   211 | D:1      | Found a faded altar of an unknown god.
   345 | D:1      | Reached XP level 3. HP: 19/25 MP: 4/4
   347 | D:1      | Learned a level 1 spell: Sting
   506 | D:1      | Reached skill level 1 in Dodging
   661 | D:1      | Reached skill level 1 in Fighting
   829 | D:1      | Learned a level 2 spell: Passwall
   941 | D:2      | Reached XP level 4. HP: 25/32 MP: 3/6
   943 | D:2      | Reached skill level 1 in Armour
  1148 | D:2      | Reached skill level 1 in Maces & Flails
  1450 | D:2      | Reached skill level 1 in Transmutations
  1567 | D:2      | Noticed Robin
  1632 | D:2      | Killed Robin
  1633 | D:2      | Reached XP level 5. HP: 35/37 MP: 1/7
  2146 | D:3      | Found an iron altar of Okawaru.
  2356 | D:3      | Found an ornate altar of the Wu Jian Council.
  2872 | D:4      | Found a runed translucent door.
  2873 | D:4      | Noticed Crazy Yiuf
  2916 | D:4      | Reached XP level 6. HP: 42/44 MP: 2/9
  2989 | D:4      | Learned a level 1 spell: Beastly Appendage
  3038 | D:4      | Found Liwokk's Book Emporium.
  3040 | D:4      | Noticed an ogre
  3057 | D:4      | Killed an ogre
  3058 | D:4      | Reached skill level 1 in Ranged Weapons
  3449 | D:4      | Reached XP level 7. HP: 44/51 MP: 6/10
  3652 | D:4      | Found a blossoming altar of Fedhas.
  3803 | D:4      | Became a worshipper of Fedhas Madash
  4208 | D:4      | Killed Crazy Yiuf
  4387 | D:5      | Entered Level 5 of the Dungeon
  4482 | D:5      | Reached skill level 1 in Invocations
  4863 | D:5      | Reached XP level 8. HP: 26/58 MP: 6/12
  4881 | D:4      | Killed from afar by an orc priest

Illustrated notes

Levels and vault maps discovered:
D:1:      dpeg_arrival_rooms_with_view, layout_rooms, serial_forest,
          infiniplex_forest_lined_room_2, infiniplex_forest_clump_double,
          infiniplex_forest_clump_large, infiniplex_forest_corner_1,
          infiniplex_forest_corner_1, infiniplex_forest_lined_corner,
          infiniplex_forest_clump_diagonal,
          dreamdust_ecumenical_altar_drowned_temple, hex_medium, minmay_tripent
D:2:      layout_basic, uniq_robin
D:3:      layout_loops_cross, mainiacjoe_overflow_catwalk,
          pdpol_wu_jian_five_deadly_venoms
D:4:      layout_basic, fedhas_altar_fruit_tree, serial_shops, shop,
          uniq_crazy_yiuf_cottage
D:5:      layout_loops_cross, kennysheep_mini_moat, minmay_manual_monolith

Skill      XL: |  1  2  3  4  5  6  7 |
---------------+----------------------+-----
Dodging        | 1 |  1.0
Fighting       | 1 2 3 |  3.1
Armour         | 1 2 3 |  3.1
Maces & Flails | 1 |  1.0
Transmutations | 1 2 3 |  3.0
Spellcasting   | 2 3 |  3.1
Earth Magic    | 3 |  3.9
Ranged Weapons | 1 |  1.0
Invocations    | 1 |  1.7
Short Blades   | |  0.4
Throwing       | |  3.0
Poison Magic   | |  3.0
Evocations     | |  1.2

Action                   |  1- 3 |  4- 6 |  7- 9 || total
-------------------------+-------+-------+-------++-------
Melee: Dagger            |    31 |       |       ||    31
       Whip              |    81 |     8 |       ||    89
       Hand axe          |       |     5 |       ||     5
       Short sword       |       |    15 |    27 ||    42
       Kick              |       |     2 |    12 ||    14
       Headbutt          |       |       |     5 ||     5
 Fire: Sling             |       |    21 |    12 ||    33
Throw: Dart              |    26 |     5 |       ||    31
 Cast: Sandblast         |     2 |    90 |    35 ||   127
       Sting             |       |    18 |     2 ||    20
       Beastly Appendage |       |     1 |     5 ||     6
  Use: Scroll            |       |     3 |     3 ||     6
       Potion            |       |     1 |     1 ||     2
Armor: Robe              |    33 |    22 |    17 ||    72
       Leather armour    |       |    19 |       ||    19
Dodge: Dodged            |    87 |    58 |    19 ||   164

Table legend: (Time is in decaauts)
 A = Elapsed time spent in this place.
 B = Non-inter-level travel time spent in this place.
 C = Inter-level travel time spent in this place.
 D = Time resting spent in this place.
 E = Time spent auto-exploring this place.
 F = Levels seen in this place.
 G = Mean time per level.
                   A        B        C        D        E       F      G
               +--------+--------+--------+--------+--------+-----+--------+
         Total |   4962 |   4808 |    154 |    509 |   3114 |   5 |  992.4 |
       Dungeon |   4962 |   4808 |    154 |    509 |   3114 |   5 |  992.4 |
               +--------+--------+--------+--------+--------+-----+--------+

Top non-repeatable levels by time:
     D:4: 1524 daAuts
     D:2: 1090 daAuts
     D:1: 946 daAuts
     D:3: 905 daAuts
     D:5: 496 daAuts
